AoeStats
← mariusly1

Arabia

509960115Analyzed
3v3 RM · 5d ago on Sep 28, 2026· 53m 35s· 6 players
Game mode
Random Map
Map size
Normal (6 player)
Population
200
Speed
Normal
Resources
Standard
Victory
Conquest
Starting age
Dark Age
Ending age
Imperial Age
RankedLock teamsTeams togetherTeam positionsShared explorationLock speedFull tech treeHidden civsTurbo modeCheats
Victory
Defeat
🇲🇽 Malians · Mexico
916
+15
🇲🇽 Poles · Mexico
900
+15
🇲🇽 Britons · Mexico
892
+16
🇦🇷 Franks · Argentina
949
-53
🇬🇧 Wu · United Kingdom
885
-15
🇦🇷 Byzantines · Argentina
827
-13
Juancho Talarga
7:44 Loom
9:33 Feudal Age
10:58 Double-Bit Axe
13:34 Fletching
18:19 Castle Age
18:29 Crossbowman
19:24 Bow Saw
19:28 Padded Archer Armor
23:47 Bodkin Arrow
35:34 Imperial Age
33:45 Horse Collar
36:14 Leather Archer Armor
36:00 Scale Mail Armor
36:10 Forging
36:03 Squires
35:49 Arson
35:51 Arbalester
36:04 Pikeman
37:10 Gold Mining
37:13 Stone Mining
45:11 Wheelbarrow
48:39 Chain Mail Armor
48:59 Iron Casting
metanoid
11:32 Feudal Age
18:32 Scale Barding Armor
19:43 Gold Mining
23:26 Castle Age
21:45 Double-Bit Axe
24:11 Stone Mining
26:57 Gold Shaft Mining
30:24 Bow Saw
36:33 Chain Barding Armor
36:24 Husbandry
48:34 Imperial Age
49:01 Fletching
49:12 Padded Archer Armor
49:52 Plate Barding Armor
48:42 Cavalier
JMA
9:58 Loom
12:35 Feudal Age
15:03 Double-Bit Axe
15:14 Gold Mining
18:42 Horse Collar
23:01 Castle Age
22:32 Loom
24:18 Bow Saw
25:26 Gold Shaft Mining
26:29 Fletching
26:39 Padded Archer Armor
33:08 Bodkin Arrow
33:29 Leather Archer Armor
38:46 Imperial Age
41:41 Conscription
45:07 Scale Mail Armor
46:15 Chemistry
45:48 Ballistics
Creizyllama
3:27 Loom
10:23 Feudal Age
11:34 Double-Bit Axe
16:27 Wheelbarrow
19:39 Town Watch
19:50 Stone Mining
22:16 Castle Age
21:03 Bloodlines
21:25 Fletching
22:48 Forging
23:57 Stone Shaft Mining
24:48 Bow Saw
26:20 Scale Barding Armor
26:12 Light Cavalry
27:23 Chain Barding Armor
29:48 Bodkin Arrow
30:58 Man-at-Arms
33:25 Iron Casting
36:06 Gold Mining
36:41 Husbandry
36:39 Horse Collar
39:07 Heavy Plow
47:58 Hand Cart
55:37 Imperial Age
Gazpacho
8:34 Loom
10:53 Feudal Age
12:44 Double-Bit Axe
14:51 Wheelbarrow
14:07 Man-at-Arms
16:41 Horse Collar
18:25 Fletching
22:48 Castle Age
23:38 Crossbowman
24:19 Bodkin Arrow
24:24 Padded Archer Armor
24:56 Bow Saw
24:52 Heavy Plow
24:48 Town Watch
25:43 Gambesons
26:03 Scale Mail Armor
28:31 Leather Archer Armor
29:45 Ballistics
30:29 Chain Mail Armor
31:16 Hand Cart
32:53 Stone Mining
32:53 Gold Mining
33:53 Forging
34:28 Treadmill Crane
35:30 Fervor
36:37 Town Patrol
37:19 Gold Shaft Mining
42:36 Imperial Age
40:45 Iron Casting
40:15 Scale Barding Armor
40:22 Masonry
40:48 Caravan
41:11 Light Cavalry
41:52 Husbandry
43:39 Conscription
42:40 Elite Longbowman
43:28 Bracer
43:59 Ring Archer Armor
44:30 Blast Furnace
42:53 Cavalier
43:23 Arson
44:30 Yeomen
47:43 Chemistry
47:14 Architecture
46:41 Long Swordsman
48:18 Two-Handed Swordsman
49:10 Champion
mariusly1
9:41 Loom
11:26 Feudal Age
12:36 Double-Bit Axe
12:32 Horse Collar
19:24 Castle Age
20:34 Scale Mail Armor
22:50 Bow Saw
22:55 Heavy Plow
29:04 Chain Mail Armor
33:32 Imperial Age
35:38 Chemistry
35:39 Conscription
36:07 Wheelbarrow
37:20 Pikeman
39:42 Elite Gbeto
43:03 Plate Mail Armor
46:17 Squires
Connection lost

Rejoining the realm…

Still unreachable

The connection could not be restored.

Session expired

The server has moved on; the page needs a fresh start.